 Dungeon Sprint DCSS version 0.30-a0-591-g3c58d2bc28 (webtiles) character file.

Game seed: 13427576512395448003

907 NinjaNoafa the Fighter (level 8, -6/93 HPs)
             Began as an Ogre Transmuter on Jan 5, 2023.
             Was a Believer of Sif Muna.
             Shot with an arrow by a centaur warrior (20 damage)
             ... in the Dungeon (Sprint IX: "|||||||||||||||||||||||||||||").
             The game lasted 00:02:32 (480 turns).

NinjaNoafa the Fighter (Ogre Transmuter)             Turns: 480, Time: 00:02:33

Health: -6/93      AC:  4    Str: 15    XL:     8   Next: 8%
Magic:  11/15      EV: 23    Int: 19    God:    Sif Muna [**....]
Gold:   0          SH:  0    Dex: 14    Spells: 12/17 levels left

rFire   . . .      SeeInvis .      - Unarmed
rCold   . . .      Faith    .    (shield currently unavailable)
rNeg    . . .      Spirit   .    (body armour currently unavailable)
rPois   x          Reflect  .    (helmet currently unavailable)
rElec   .          Harm     .    (cloak currently unavailable)
rCorr   .          Rampage  .    (gloves unavailable)
Will    .....      NoTele   +    (boots unavailable)
Stlth   +                        (no amulet)
HPRegen 0.35/turn                l - +2 ring of protection
MPRegen 0.14/turn                m - +3 ring of intelligence

@: spider-form, wereblooded
A: venomous fangs, tiny, unfitting armour, (tough skin 1)
a: End Transformation, Renounce Religion, Channel Magic


You were in the Dungeon.
You worshipped Sif Muna.
Sif Muna was pleased with you.
You were a venomous arachnid creature.
You visited 1 branch

Inventory:

Hand Weapons
 k - the +2 scimitar "Emywk" (melded) {venom, rElec rPois}
   (You found it in the Dungeon)

   rElec:     It insulates you from electricity.
   rPois:     It protects you from poison.
Armour
 a - a +0 robe (melded)
Jewellery
 l - a +2 ring of protection (left front leg)
 m - a +3 ring of intelligence (right front leg)
Wands
 j - a wand of light (9)
Scrolls
 h - 2 scrolls of blinking
 i - a scroll of amnesia
Potions
 b - a potion of lignification
 c - 5 potions of curing
 d - a potion of invisibility
 e - a potion of haste
 f - 4 potions of magic


   Skills:
 - Level 10.0 Fighting
 - Level 7.0 Dodging
 - Level 7.0 Unarmed Combat
 - Level 5.0 Spellcasting
 + Level 7.6 Transmutations
 + Level 4.4 Poison Magic
 + Level 5.7 Invocations


You had 12 spell levels left.
You knew the following spells:

 Your Spells              Type           Power      Damage    Failure   Level
b - Wereblood             Tmut           33%        N/A       4%          2
c - Spider Form           Tmut/Pois      27%        N/A       11%         3

Your spell library contained the following spells:

 Spells                   Type           Power      Damage    Failure   Level
 Beastly Appendage        Tmut           66%        N/A       3%          1
 Ice Form                 Ice/Tmut       19%        N/A       47%         4


Dungeon Overview and Level Annotations

Branches:
Dungeon (1/1)

Altars:
Cheibriados
Dithmenos
Elyvilon
Fedhas
Gozag
Hepliaklqana
Kikubaaqudgha
Makhleb
Nemelex Xobeh
Okawaru
Qazlal
Ru
Sif Muna
Trog
Uskayaw
Vehumet
Wu Jian
Xom
Yredelemnul
Zin
The Shining One
Jiyva
Lugonu


Innate Abilities, Weirdness & Mutations

You are a venomous arachnid creature.
You have poisonous fangs.
You are tiny and dextrous.
Your spellcasting is less reliable in this form.
Your armour is entirely melded.
You are incapable of wielding weapons or throwing items.
You are too large for most types of armour.
((You have tough skin. (AC +1)))


Message History

The centaur warrior is moderately wounded.
The centaur warrior completely misses you.
The centaur warrior kicks you.
You hit the centaur warrior.
The centaur warrior looks as sick as possible!
The centaur warrior is heavily wounded.
The centaur warrior completely misses you.
The centaur warrior kicks you.
You hit the centaur warrior.
The centaur warrior looks as sick as possible!
The centaur warrior is heavily wounded.
The centaur warrior completely misses you.
The centaur warrior kicks you but does no damage.
The centaur warrior misses you. The centaur warrior closely misses you.
You hit the centaur warrior.
The centaur warrior looks as sick as possible!
The centaur warrior is heavily wounded.
The centaur warrior hits you. The centaur warrior kicks you.
You bite the centaur warrior!
The centaur warrior looks as sick as possible!
The centaur warrior is severely wounded.
The centaur warrior hits you!
The centaur warrior completely misses you.
You bite the centaur warrior!
The centaur warrior is almost dead.
The centaur warrior hits you!
* * * LOW HITPOINT WARNING * * *
The centaur warrior kicks you.
* * * LOW HITPOINT WARNING * * *
The centaur warrior hits you!
* * * LOW HITPOINT WARNING * * *
The centaur warrior barely misses you.
You hit the centaur warrior.
The centaur warrior is almost dead.
You feel a bit better.
You kill the centaur warrior!
Sif Muna accepts your kill.
The centaur warrior wields a +0 longbow.
The centaur warrior shoots an arrow.
The arrow hits you!!
You die... ▓▓▓▓▓▓▓▓▓▓▓▓▓▓▓▓▓▓▓▓▓▓▓▓ .WOB{c)s...))'..[.[.)..' ▓▓▓▓▓▓▓▓▓▓▓▓▓▓▓▓▓▓▓▓▓▓▓▓

You could see a boulder beetle, a centaur warrior, a two-headed ogre and a wraith.

Vanquished Creatures
  A centaur warrior (D)
  A wraith (D)
  2 yaks (D)
  An orc warrior (D)
  An ice beast (D)
  A centaur (D)
  An ogre (D)
  A necrophage (D)
  A howler monkey (D)
  An adder (D)
  An orc (D)
  An endoplasm (D)
  A goblin (D)
  A hobgoblin (D)
  A ball python (D)
  A bat (D)
17 creatures vanquished.

Notes
Turn   | Place    | Note
-------+----------+-------------------------------------------
     0 | D        | NinjaNoafa the Ogre Transmuter began the quest for the Orb.
     0 | D        | Reached XP level 1. HP: 19/19 MP: 3/3
    22 | D        | Reached skill level 2 in Fighting
    57 | D        | Noticed an ice beast
    57 | D        | Noticed an ogre
    57 | D        | Noticed a necrophage
    62 | D        | Reached XP level 2. HP: 28/29 MP: 4/6
    77 | D        | Killed a necrophage
    78 | D        | Reached skill level 4 in Fighting
    78 | D        | Reached XP level 3. HP: 8/40 MP: 4/8
    78 | D        | Reached XP level 4. HP: 10/49 MP: 5/10
    84 | D        | Killed an ogre
    85 | D        | Reached skill level 6 in Fighting
    85 | D        | Reached skill level 5 in Unarmed Combat
    85 | D        | Reached skill level 5 in Spellcasting
    85 | D        | Reached XP level 5. HP: 50/59 MP: 5/12
    89 | D        | Killed an ice beast
    90 | D        | Reached skill level 7 in Fighting
    90 | D        | Reached skill level 5 in Dodging
    90 | D        | Reached skill level 5 in Transmutations
    90 | D        | Reached XP level 6. HP: 61/71 MP: 6/13
   183 | D        | Found a snail-covered altar of Cheibriados.
   183 | D        | Found a shadowy altar of Dithmenos.
   183 | D        | Found a white marble altar of Elyvilon.
   183 | D        | Found a blossoming altar of Fedhas.
   183 | D        | Found an opulent altar of Gozag.
   184 | D        | Found a hazy altar of Hepliaklqana.
   185 | D        | Found a viscous altar of Jiyva.
   186 | D        | Found an ancient bone altar of Kikubaaqudgha.
   187 | D        | Found a corrupted altar of Lugonu.
   188 | D        | Found a burning altar of Makhleb.
   189 | D        | Found a sparkling altar of Nemelex Xobeh.
   190 | D        | Found an iron altar of Okawaru.
   191 | D        | Found a stormy altar of Qazlal.
   192 | D        | Found a sacrificial altar of Ru.
   193 | D        | Found a shimmering blue altar of Sif Muna.
   194 | D        | Found a bloodstained altar of Trog.
   195 | D        | Found a hide-covered altar of Uskayaw.
   196 | D        | Found a radiant altar of Vehumet.
   197 | D        | Found an ornate altar of the Wu Jian Council.
   198 | D        | Found a shimmering altar of Xom.
   199 | D        | Found a basalt altar of Yredelemnul.
   200 | D        | Found a glowing silver altar of Zin.
   201 | D        | Became a worshipper of Sif Muna the Loreminder
   202 | D        | Found a glowing golden altar of the Shining One.
   218 | D        | Got the +2 scimitar "Emywk" {venom, rElec rPois}
   224 | D        | Learned a level 2 spell: Wereblood
   228 | D        | Learned a level 3 spell: Spider Form
   252 | D        | Noticed a wraith
   252 | D        | Noticed a yak
   252 | D        | Noticed a yak
   252 | D        | Noticed an orc warrior
   264 | D        | Killed an orc warrior
   265 | D        | Reached skill level 1 in Poison Magic
   273 | D        | Reached skill level 8 in Fighting
   279 | D        | Killed a yak
   279 | D        | Reached * piety under Sif Muna
   280 | D        | Reached XP level 7. HP: 56/81 MP: 11/14
   284 | D        | Killed a yak
   285 | D        | Reached skill level 9 in Fighting
   307 | D        | Killed a wraith
   308 | D        | Reached skill level 10 in Fighting
   308 | D        | Reached skill level 5 in Invocations
   308 | D        | Reached XP level 8. HP: 36/93 MP: 10/15
   308 | D        | Reached ** piety under Sif Muna
   470 | D        | Noticed a wraith
   470 | D        | Noticed a two-headed ogre
   470 | D        | Noticed a boulder beetle
   470 | D        | Noticed a centaur warrior
   470 | D        | Noticed a centaur warrior
   480 | D        | Killed a centaur warrior
   480 | D        | Shot with an arrow by a centaur warrior

Illustrated notes

Levels and vault maps discovered:
D:        linesprint [early_d, line_temple, items_1, d_10, items_2, lair_1,
          lair_end, items_3, orc_1, orc_end, items_4, d_15, swamp_1, shoals_1,
          snake_1, spider_1, d_20, vaults_1, items_5, swamp_end, shoals_end,
          snake_end, spider_end, vaults_end, d_27, items_6, zot_1, zot_end,
          crypt_end, forest_end, elf_end, slime_end, tomb_end, abyss_end,
          pan_hell_end]

Skill      XL: |  1  2  3  4  5  6  7 |
---------------+----------------------+-----
Dodging        | 2 3 4 5 6 7 |  7.0
Transmutations | 2 3 4 5 6 7 |  7.6
Fighting       | 2 4 6 7 8 10 | 10.0
Unarmed Combat | 3 4 5 6 7 |  7.0
Spellcasting   | 3 4 5 |  5.0
Poison Magic   | 3 4 |  4.4
Invocations    | 4 5 |  5.7

Action                   |  1- 3 |  4- 6 |  7- 9 || total
-------------------------+-------+-------+-------++-------
Melee: Unarmed           |    28 |    27 |    30 ||    85
       Headbutt          |     4 |       |       ||     4
       Kick              |     8 |     4 |       ||    12
       Scimitar          |       |     1 |     2 ||     3
 Cast: Beastly Appendage |     4 |     1 |       ||     5
       Spider Form       |       |     1 |     3 ||     4
       Wereblood         |       |     1 |     1 ||     2
Evoke: Wand              |       |       |     1 ||     1
  Use: Potion            |       |     2 |     2 ||     4
       Scroll            |       |     1 |       ||     1
 Stab: Invisible         |       |       |     1 ||     1
Armor: Robe              |     5 |       |       ||     5
       Skin              |       |     3 |     2 ||     5
Dodge: Dodged            |    12 |    33 |    31 ||    76

Table legend: (Time is in decaauts)
 A = Elapsed time spent in this place.
 B = Non-inter-level travel time spent in this place.
 C = Inter-level travel time spent in this place.
 D = Time resting spent in this place.
 E = Time spent auto-exploring this place.
 F = Levels seen in this place.
 G = Mean time per level.
                   A        B        C        D        E       F      G
               +--------+--------+--------+--------+--------+-----+--------+
         Total |    492 |    492 |      0 |      2 |    312 |   1 |  492.0 |
       Dungeon |    492 |    492 |      0 |      2 |    312 |   1 |  492.0 |
               +--------+--------+--------+--------+--------+-----+--------+

Top non-repeatable levels by time:
       D: 492 daAuts
